 Dungeon Crawl Stone Soup version 0.29-a0-870-g2c972031a6 (webtiles) character file.

Game seed: 13136042117830430423

42 concernfroge the Trooper (level 3, -2/31 HPs)
             Began as a Mummy Monk on July 17, 2022.
             Slain by Terence
             ... wielding a +0 falchion
              (5 damage)
             ... on level 2 of the Dungeon.
             The game lasted 00:03:51 (1394 turns).

concernfroge the Trooper (Mummy Monk)               Turns: 1394, Time: 00:03:52

Health: -2/31      AC:  8    Str: 16    XL:     3   Next: 33%
Magic:  3/3        EV: 11    Int:  9    God:
Gold:   88         SH:  5    Dex: 14    Spells: 2/2 levels left

rFire   . . .      SeeInvis .   c - +0 trident
rCold   . . .      Faith    .   (no shield)
rNeg    + + +      Spirit   .   g - +0 ring mail
rPois   ∞          Reflect  +   (no helmet)
rElec   .          Harm     .   (no cloak)
rCorr   .          Rampage  .   (no gloves)
Will    .....                   d - +2 pair of boots
Stlth   +.........              b - amulet of reflection
HPRegen 0.10/turn               e - ring of fire
MPRegen 0.08/turn               (no ring)

@: no status effects
A: cold resistance 1, negative energy resistance 3, torment resistance 2, heat
vulnerability 1, in touch with death 1, no potions
a: no special abilities


You were on level 2 of the Dungeon.
You visited 1 branch of the dungeon, and saw 2 of its levels.

You collected 88 gold pieces.

Inventory:

Hand Weapons
 c - a +0 trident (weapon)
Armour
 d - a +2 pair of boots (worn)
 g - a +0 ring mail (worn)
Jewellery
 a - an amulet of regeneration
 b - an amulet of reflection (around neck)
 e - a ring of fire (left hand)
Scrolls
 f - 2 scrolls of blinking {unknown}


   Skills:
 + Level 4.4 Fighting
 - Level 2.4 Polearms
 - Level 2.4 Dodging
 - Level 1.5 Stealth


You had 2 spell levels left.
You didn't know any spells.
Your spell library contained the following spells:

 Spells                   Type           Power      Damage    Failure   Level
 Portal Projectile        Hex/Tloc       0%         N/A       93%         3
 Tukima's Dance           Hex            0%         N/A       93%         3
 Blade Hands              Tmut           Unusable   N/A       N/A         5

Dungeon Overview and Level Annotations

Branches:
Dungeon (2/15)

Altars:

Annotations:
D:2 1 runed translucent door, Crazy Yiuf, Terence


Innate Abilities, Weirdness & Mutations

You are immune to poison.
Your flesh is cold resistant. (rC+)
You are immune to negative energy. (rN+++)
You are immune to unholy pain and torment.
You are vulnerable to heat. (rF-)
You are in touch with the powers of death.
You do not drink.


Message History

Terence is moderately wounded.
You block Terence's attack.
You closely miss Terence.
Terence is moderately wounded.
Terence hits you with a +0 falchion.
You hit Terence but do no damage.
Terence is moderately wounded.
Terence closely misses you. You block Terence's attack.
You barely miss Terence.
Terence is lightly wounded.
Terence hits you with a +0 falchion.
You puncture Terence!
Terence is severely wounded.
Terence closely misses you.
You hit Terence but do no damage.
Terence is severely wounded.
Terence hits you with a +0 falchion.
You hit Terence but do no damage.
Terence is severely wounded.
Terence shouts, "Now you die!" You block Terence's attack.
You completely miss Terence. Your punch misses Terence.
Terence is severely wounded.
Terence hits you with a +0 falchion. x2
* * * LOW HITPOINT WARNING * * *
Okay, then.
You hit Terence.
Terence is severely wounded.
Terence hits you with a +0 falchion.
* * * LOW HITPOINT WARNING * * *
You barely miss Terence.
Terence is severely wounded.
Terence completely misses you.
You closely miss Terence.
Terence is severely wounded.
Terence barely misses you.
You closely miss Terence.
Terence is severely wounded.
Terence hits you with a +0 falchion.
You die...

#.# #.# #....... #.#
#...... #.# #......
..######## .....
#......... ....
#.#############..#######
#............##.@.>.....
############.# #@# .#
#.# #.# .# #.# #.# .#
#.###.## .# #.##...## .#
#.##.#..# .# #.##....#
.# #.#####.# .# #.# #.#


You could see Terence.

Vanquished Creatures
  A gnoll (D:1)
  A worm (D:2)
  A dart slug (D:2)
  4 ball pythons
  2 endoplasms (D:1)
  A giant cockroach (D:1)
  3 hobgoblins
  A quokka (D:2)
  2 bats (D:2)
  3 frilled lizards
  4 goblins
  A kobold (D:1)
  4 rats
28 creatures vanquished.

Notes
Turn   | Place    | Note
-------+----------+-------------------------------------------
     0 | D:1      | concernfroge the Mummy Monk began the quest for the Orb.
     0 | D:1      | Reached XP level 1. HP: 18/18 MP: 1/1
   228 | D:1      | Reached XP level 2. HP: 8/24 MP: 2/2
   480 | D:1      | Reached skill level 4 in Fighting
   839 | D:2      | Gained mutation: You are in touch with the powers of death.
                  | [Mummy growth]
   839 | D:2      | Reached XP level 3. HP: 16/30 MP: 3/3
  1245 | D:2      | Found a runed translucent door.
  1246 | D:2      | Noticed Crazy Yiuf
  1373 | D:2      | Noticed Terence
  1394 | D:2      | Slain by Terence

Illustrated notes

Levels and vault maps discovered:
D:1:      psy_arrival_terrarium, layout_rooms
D:2:      layout_loops_ring, uniq_crazy_yiuf_cottage, uniq_terence

Skill      XL: |  1  2 |
---------------+-------+-----
Fighting       | 4 |  4.4
Polearms       | |  2.4
Dodging        | |  2.4
Stealth        | |  1.5

Action                   || total
-------------------------++-------
Melee: Spear             ||    56
       Trident           ||    45
  Use: Scroll            ||     2
 Stab: Sleeping          ||     4
Armor: Ring mail         ||    16
       Robe              ||     1
Dodge: Dodged            ||    38
Block: Other             ||     5

Table legend: (Time is in decaauts)
 A = Elapsed time spent in this place.
 B = Non-inter-level travel time spent in this place.
 C = Inter-level travel time spent in this place.
 D = Time resting spent in this place.
 E = Time spent auto-exploring this place.
 F = Levels seen in this place.
 G = Mean time per level.
                   A        B        C        D        E       F      G
               +--------+--------+--------+--------+--------+-----+--------+
         Total |   1399 |   1381 |     18 |    271 |    860 |   2 |  699.5 |
       Dungeon |   1399 |   1381 |     18 |    271 |    860 |   2 |  699.5 |
               +--------+--------+--------+--------+--------+-----+--------+

Top non-repeatable levels by time:
     D:1: 758 daAuts
     D:2: 641 daAuts
